 Dungeon Crawl Stone Soup version 0.27.0-1-g7a089689b8 (webtiles) character file.

Game seed: 7217021952828835534

1907 Kinoniko the Cleaver (level 9, 0/105 HPs)
             Began as a Hill Orc Berserker on Aug 6, 2021.
             Was an Elder of Trog.
             Killed by mirror damage (2 damage)
             ... on level 7 of the Dungeon.
             The game lasted 00:09:01 (7068 turns).

Kinoniko the Cleaver (Hill Orc Berserker)           Turns: 7068, Time: 00:09:02

Health: 0/105      AC: 12    Str: 23    XL:     9   Next: 16%
Magic:  9/9        EV: 10    Int:  7    God:    Trog [****..]
Gold:   278        SH:  5    Dex: 10    Spells: 8/8 levels left

rFire    + . .     SeeInvis +   t - +0 war axe (vorpal)
rCold    . . .     Faith    .   (no shield)
rNeg     . . .     Spirit   .   s - +0 scale mail
rPois    .         Reflect  +   (no helmet)
rElec    .         Harm     .   i - +2 cloak
rCorr    .         Rampage  .   j - +2 pair of gloves
Will     .....                  (no boots)
Stlth    ..........             g - amulet of reflection
HPRegen  0.27/turn              h - ring of see invisible
MPRegen  0.11/turn              e - ring of protection from fire

@: berserking, very quick
A: no striking features
a: Renounce Religion, Berserk, Trog's Hand, Brothers in Arms


You were on level 7 of the Dungeon.
You worshipped Trog.
Trog was greatly pleased with you.
You visited 1 branch of the dungeon, and saw 7 of its levels.
You also visited: Ossuary.

You collected 278 gold pieces.

Inventory:

Hand Weapons
 a - a +0 hand axe
 t - a +0 vorpal war axe (weapon)
Missiles
 w - a curare-tipped dart (quivered)
Armour
 i - a +2 cloak (worn)
 j - a +2 pair of gloves (worn)
 l - a +0 ring mail
 s - a +0 scale mail (worn)
 D - a +0 tower shield
Jewellery
 e - a ring of protection from fire (right hand)
 g - an amulet of reflection (around neck)
 h - a ring of see invisible (left hand)
 k - a ring of magical power
 v - an amulet of guardian spirit
Wands
 A - a wand of flame (18)
 B - a wand of acid (13)
 C - a wand of iceblast (10)
Scrolls
 b - 5 scrolls of teleportation
 c - 2 scrolls of fog
 o - 2 scrolls of blinking
 r - a scroll of immolation
 y - a scroll of enchant armour
 E - 2 scrolls of fear
 H - 2 scrolls of identify
Potions
 d - 2 potions of brilliance {unknown}
 f - 2 potions of haste {unknown}
 m - 2 potions of might {unknown}
 n - 7 potions of curing
 p - 2 potions of heal wounds {unknown}
 q - 3 potions of degeneration
 u - a potion of ambrosia
 x - 4 potions of flight
 z - 2 potions of resistance {unknown}
 F - 2 potions of berserk rage {unknown}
 G - 2 potions of lignification {unknown}
 I - a potion of cancellation {unknown}
 J - a potion of attraction {unknown}


   Skills:
 - Level 3.6 Fighting
 * Level 14.7 Axes
 - Level 2.1 Armour
 - Level 1.5 Dodging
 + Level 1.0 Shields


You had 8 spell levels left.
You didn't know any spells.
Your spell library was empty.

Dungeon Overview and Level Annotations

Branches:
Dungeon (7/15)             Temple (0/1) D:7         Ossuary (visited)

Altars:
Fedhas
Hepliaklqana
Qazlal
Trog

Shops:
D:2 *   D:4 =   D:5 :

Annotations:
D:5 2 transporters, Kinoniko's ghost, novice HOFi


Message History

There is a stone staircase leading down here.
Found a stone staircase leading down.
F - 2 viscous blue potions (gained 1)
A death knight comes into view. It is wielding a +0 glaive.
The death knight shouts!
A death knight is nearby!
A death knight is nearby!
A death knight is nearby!
A red film seems to cover your vision as you go berserk!
You feel yourself moving faster!
You feel mighty!
The death knight hits you from afar with a +0 glaive!
You feel a strong urge to attack something.
You hit the death knight but do no damage.
The death knight offers itself to Yredelemnul, and fills with unholy energy.
You closely miss the death knight. You slash the death knight!
The death knight is lightly wounded.
The death knight reflects your damage back at you!
The death knight mumbles some strange prayers to Yredelemnul against you.
Your body is wracked with pain!
You are too injured to fight recklessly!
You are too injured to fight recklessly!
You are too injured to fight recklessly!
You are too injured to fight recklessly!
Unknown command.
You slice the death knight!!
The death knight is heavily wounded.
The death knight reflects your damage back at you!
* * * LOW HITPOINT WARNING * * *
You hit the death knight.
The death knight is heavily wounded.
The death knight reflects your damage back at you!
The death knight hits you with a +0 glaive!!
* * * LOW HITPOINT WARNING * * *
You barely miss the death knight.
The death knight is heavily wounded.
You hit the death knight.
The death knight is heavily wounded.
The death knight reflects your damage back at you!
You die...

##..#####
..........#
#...##.)
..........#
#####......
..........#
#.####..##.
..........#
#........#.
...........#
#........#.
#...........#
#.........#
#........p..#
#..........
#.......@..#
#..........
#..........#
#..........
#.......>.#
#..........
#.........#
#..........
##.......##
#..........
#.......#
#..........
###..####
###........
##...#
###......
#...##
########.......


You could see a death knight (reflects damage).

Vanquished Creatures
  Edmund (D:6)
  Duvessa (D:6)
  A water moccasin (D:4)
  2 ice beasts
  A necrophage (D:5)
  A kobold brigand (D:4)
  Blork the orc (D:6)
  A bullfrog (D:7)
  A scorpion (D:4)
  A wyvern zombie (D:7)
  A gnoll sergeant (D:5)
  Dowan (D:6)
  4 wights (D:6)
  A bullfrog zombie (D:7)
  A centaur zombie (D:7)
  A hound (D:7)
  2 orc priests
  2 iguanas
  Jessica (D:2)
  2 orc wizards
  A hound skeleton (D:4)
  14 mummies (Ossuary)
  7 adders
  4 gnolls
  A white imp (D:6)
  2 ufetubi (D:5)
  An adder skeleton (D:4)
  3 worms
  3 dart slugs (D:1)
  16 orcs
  5 ball pythons
  6 endoplasms
  3 giant cockroaches
  3 goblins
  6 hobgoblins
  4 jackals
  6 kobolds
  3 quokkas
  4 bats (D:1)
  4 frilled lizards
  2 gnoll skeletons (Ossuary)
  3 kobold skeletons (Ossuary)
  3 orc skeletons (Ossuary)
  2 rats (D:3)
  11 rat skeletons (Ossuary)
144 creatures vanquished.

Vanquished Creatures (others)
  7 plants (D:3)
7 creatures vanquished.

Grand Total: 151 creatures vanquished

Notes
Turn   | Place    | Note
-------+----------+-------------------------------------------
     0 | D:1      | Kinoniko the Hill Orc Berserker began the quest for the
                  | Orb.
     0 | D:1      | Reached XP level 1. HP: 19/19 MP: 1/1
   227 | D:1      | Reached XP level 2. HP: 24/26 MP: 2/2
   313 | D:1      | Reached skill level 5 in Axes
   587 | D:1      | Reached XP level 3. HP: 31/31 MP: 3/3
   760 | D:1      | Found a faded altar of an unknown god.
  1032 | D:1      | Reached ** piety under Trog
  1033 | D:1      | Reached skill level 6 in Axes
  1397 | D:2      | Noticed Jessica
  1416 | D:2      | Killed Jessica
  1417 | D:2      | Reached XP level 4. HP: 28/39 MP: 4/4
  1721 | D:2      | Found Umeuliol's Assorted Antiques.
  1799 | D:2      | Reached skill level 7 in Axes
  2050 | D:2      | Reached XP level 5. HP: 45/45 MP: 5/5
  3009 | D:3      | Reached skill level 8 in Axes
  3307 | D:4      | Found a bloodstained altar of Trog.
  3432 | D:4      | Reached XP level 6. HP: 51/51 MP: 6/6
  3455 | D:4      | Noticed a water moccasin
  3463 | D:4      | Killed a water moccasin
  3464 | D:4      | Reached skill level 9 in Axes
  3805 | D:4      | Reached skill level 10 in Axes
  3805 | D:4      | Reached XP level 7. HP: 57/57 MP: 7/7
  4028 | D:4      | Found Yshostuu's Jewellery Shop.
  4119 | D:5      | Entered Level 5 of the Dungeon
  4135 | D:5      | Found Mappomm's Book Shoppe.
  4155 | D:5      | Reached *** piety under Trog
  4258 | D:5      | Noticed Kinoniko's ghost (novice HOFi)
  4274 | D:5      | Found a transporter.
  4282 | D:5      | Found a blossoming altar of Fedhas.
  4292 | D:5      | Found a stormy altar of Qazlal.
  4425 | D:5      | Found a hazy altar of Hepliaklqana.
  4513 | D:5      | Found a transporter.
  4617 | D:5      | Reached skill level 11 in Axes
  5070 | D:6      | Noticed Duvessa
  5070 | D:6      | Noticed Dowan
  5075 | D:6      | Killed Duvessa
  5076 | D:6      | Reached XP level 8. HP: 64/64 MP: 8/8
  5077 | D:6      | Killed Dowan
  5078 | D:6      | Reached skill level 12 in Axes
  5119 | D:6      | Noticed Edmund
  5126 | D:6      | Killed Edmund
  5165 | D:6      | Found a sand-covered staircase.
  5177 | Ossuary  | Entered an ossuary
  5351 | Ossuary  | Reached skill level 13 in Axes
  5552 | Ossuary  | Reached **** piety under Trog
  5995 | D:6      | Noticed Blork the orc
  6004 | D:6      | Killed Blork the orc
  6219 | D:6      | Reached skill level 14 in Axes
  6345 | D:7      | Found a staircase to the Ecumenical Temple.
  6413 | D:7      | Reached XP level 9. HP: 59/70 MP: 9/9
  6970 | D:7      | Reached skill level 1 in Shields
  7057 | D:7      | Noticed a death knight
  7066 | D:7      | HP: 2/105 [death knight (28)]
  7068 | D:7      | Killed by mirror damage

Illustrated notes

Levels and vault maps discovered:
D:1:      psy_arrival_radial02, layout_basic,
          hellmonk_ecumenical_altar_heavens_door
D:2:      layout_basic, serial_shops, shop, uniq_jessica
D:3:      layout_basic, serial_forest, infiniplex_forest_lined_room_2,
          infiniplex_forest_lined_3_way, infiniplex_forest_end_3,
          infiniplex_forest_clump_cross, infiniplex_forest_clump_large,
          infiniplex_forest_end_double
D:4:      layout_cave_pools, overflow_temple_1_default, serial_shops,
          kennysheep_little_box
D:5:      layout_gridville, marbit_many_paths,
          grunt_temple_overflow_forces_of_nature, gammafunk_ghost_stat_death,
          serial_shops, shop, kennysheep_crisscross
D:6:      layout_rooms, enter_ossuary_3, uniq_edmund, uniq_blork_the_orc,
          uniq_duvessa
D:7:      layout_cave_pods, minmay_temple_entry_trees, minivault_19,
          hangedman_abyss_or_decor_slice, minmay_statues_item

Skill      XL: |  1  2  3  4  5  6  7  8  9 |
---------------+----------------------------+-----
Axes           | 5 6 7 8 10 11 14 | 14.7
Shields        | 1 |  1.0
Fighting       | |  3.6
Armour         | |  2.1
Dodging        | |  1.5

Action                   |  1- 3 |  4- 6 |  7- 9 || total
-------------------------+-------+-------+-------++-------
Melee: Hand axe          |    82 |    60 |       ||   142
       War axe           |       |    70 |   256 ||   326
Invok: Berserk           |     2 |     3 |     5 ||    10
  Use: Scroll            |       |     7 |     8 ||    15
Armor: Animal skin       |    15 |       |       ||    15
       Ring mail         |     2 |     9 |       ||    11
       Scale mail        |       |    40 |    77 ||   117
Dodge: Dodged            |    46 |    40 |    62 ||   148
Block: Other             |     8 |    28 |    38 ||    74
       Reflection        |     1 |       |     2 ||     3
